 Dungeon Crawl Stone Soup version 0.21.1-1-g345015fe64 (webtiles) character file.

24 Ivernyr the Charmwright (level 2, -1/22 HPs)
             Began as a Demonspawn Skald on Apr 29, 2018.
             Slain by a worm (7 damage)
             ... on level 2 of the Dungeon.
             The game lasted 00:12:18 (779 turns).

Ivernyr the Charmwright (Demonspawn Skald)           Turns: 779, Time: 00:12:18

Health: -1/22      AC:  4    Str: 11    XL:     2   Next: 79%
Magic:  1/5        EV: 11    Int: 14    God:
Gold:   26         SH:  0    Dex: 12    Spells: 0/5 levels left

rFire    . . .     SeeInvis .   a - +0 falchion
rCold    . . .     Gourm    .   (no shield)
rNeg     . . .     Faith    .   b - +0 leather armour
rPois    +         Spirit   .   g - +0 helmet (curse)
rElec    .         Reflect  .   (no cloak)
rCorr    .         Harm     .   (no gloves)
MR       .....                  (no boots)
Stlth    +.........             (no amulet)
HPRegen  0.07/turn              h - ring of poison resistance
MPRegen  0.09/turn              (no ring)

@: infused (expiring)
A: hooves 1
a: no special abilities


You were on level 2 of the Dungeon.
You were not hungry.

You visited 1 branch of the dungeon, and saw 2 of its levels.

You collected 26 gold pieces.

Inventory:

Hand Weapons
 a - a +0 falchion (weapon)
Armour
 b - a +0 leather armour (worn)
 g - a cursed +0 helmet (worn)
Jewellery
 h - a ring of poison resistance (left hand)
Scrolls
 i - a scroll of identify {unknown}
 j - a scroll of fear {unknown}
Potions
 e - a potion of berserk rage {unknown}
 f - a potion of resistance {unknown}
Books
 c - a book of Battle

   Spells                             Type                      Level
   a - Infusion                       Charms                       1
   b - Shroud of Golubria             Charms/Translocation         2
   c - Song of Slaying                Charms                       2
   d - Spectral Weapon                Hexes/Charms                 3
   e - Regeneration                   Charms/Necromancy            3
Comestibles
 d - 2 rations


   Skills:
 + Level 2.3 Fighting
 + Level 2.1 Long Blades
 * Level 1.7 Armour
 - Level 1.7 Dodging
 - Level 2.0 Spellcasting
 + Level 2.9 Charms


You couldn't memorise any spells.
You knew the following spells:

 Your Spells              Type           Power        Failure   Level  Hunger
a - Infusion              Chrm           #...         10%         1    ##.....
b - Song of Slaying       Chrm           #.......     14%         2    ###....
c - Shroud of Golubria    Chrm/Tloc      #.........   26%         2    ###....


Dungeon Overview and Level Annotations

Branches:
Dungeon (2/15)

Altars:
Ashenzari


Innate Abilities, Weirdness & Mutations

You have large cloven feet.


Message History

Cast which spell? (? or * to list)
You begin infusing your attacks with magical energy.
A worm comes into view.
There is an open door here.
The worm bites you.
You hit the worm!
The worm is heavily wounded.
You hit the worm. You kick the worm.
The worm is severely wounded.
The worm completely misses you.
You hit the worm. Your kick misses the worm.
The worm is almost dead.
The worm bites you.
You hit the worm!
You kill the worm!
The worm bites you!
* * * LOW HITPOINT WARNING * * *
Your magical infusion is running out.
The worm bites you!
You die...

#.........
#.........
##+##.........
..[...........
############
..............
#...........
####'#'######
#....# #.#.#
#....# #.#.#
#.w..#
#.#.#########@...#
#(#.........'..%.#
#.###########....#
#.# #....#
####'##### #....#
.........# ####.#
.........# #.#
.........# #.#
.........# #..


You could see a worm.

Vanquished Creatures
  A worm (D:2)
  2 dart slugs (D:1)
  2 bats (D:1)
  A goblin (D:1)
  6 hobgoblins (D:1)
  A kobold (D:1)
  4 rats (D:1)
17 creatures vanquished.

Notes
Turn   | Place    | Note
-------+----------+-------------------------------------------
     0 | D:1      | Ivernyr the Demonspawn Skald began the quest for the Orb.
     0 | D:1      | Reached XP level 1. HP: 16/16 MP: 3/3
    25 | D:1      | Reached skill level 1 in Armour
   102 | D:1      | Gained mutation: You have large cloven feet. [demonic ancestry]
   102 | D:1      | Reached XP level 2. HP: 20/22 MP: 5/5
   177 | D:1      | Learned a level 2 spell: Song of Slaying
   180 | D:1      | Learned a level 2 spell: Shroud of Golubria
   633 | D:1      | Found a shattered altar of Ashenzari.
   779 | D:2      | Slain by a worm

Skill      XL: |  1  2 |
---------------+-------+-----
Armour         | 1 |  1.7
Long Blades    | 2 |  2.1
Fighting       | |  2.3
Dodging        | |  1.7
Spellcasting   | |  2.0
Charms         | |  2.9

Action                   || total
-------------------------++-------
Melee: Falchion          ||    40
       Kick              ||     8
 Cast: Infusion          ||     1
Armor: Leather armour    ||     8
Dodge: Dodged            ||    23
       Rpst.: Falchion   ||     8
